 Dungeon Crawl Stone Soup version 0.29-a0-632-g781b4ac09e (webtiles) character file.

Game seed: 6347778495251321837

231 Glafi the Skirmisher (level 5, -6/48 HPs)
             Began as a Minotaur Fighter on June 19, 2022.
             Mangled by Pikel
             ... wielding a +0 whip of freezing
              (7 damage)
             ... on level 4 of the Dungeon.
             The game lasted 00:17:04 (2445 turns).

Glafi the Skirmisher (Minotaur Fighter)             Turns: 2445, Time: 00:17:07

Health: -6/48      AC:  7    Str: 23    XL:     5   Next: 73%
Magic:  4/4        EV:  8    Int:  5    God:
Gold:   150        SH:  8    Dex:  9    Spells: 4/4 levels left

rFire   . . .      SeeInvis .   a - +0 war axe
rCold   . . .      Faith    .   k - +0 kite shield
rNeg    . . .      Spirit   .   b - +0 scale mail
rPois   +          Reflect  .   (helmet restricted)
rElec   .          Harm     .   (no cloak)
rCorr   .          Rampage  .   (no gloves)
Will    .....                   (no boots)
Stlth   ..........              (no amulet)
HPRegen 0.16/turn               g - ring of poison resistance
MPRegen 0.09/turn               (no ring)

@: no status effects
A: horns 2, retaliatory headbutt
a: no special abilities


You were on level 4 of the Dungeon.
You visited 1 branch of the dungeon, and saw 4 of its levels.

You collected 150 gold pieces.

Inventory:

Hand Weapons
 a - a +0 war axe (weapon)
 n - a +2 spear of flaming
Armour
 b - a +0 scale mail (worn)
 k - a +0 kite shield (worn)
Jewellery
 g - a ring of poison resistance (left hand)
Scrolls
 c - a scroll of noise {unknown}
 f - 3 scrolls of fear {unknown}
 j - a scroll of magic mapping {unknown}
 l - a scroll of blinking {unknown}
 o - 2 scrolls of identify {unknown}
Potions
 d - a potion of might
 e - a potion of curing {unknown}
 h - a potion of cancellation {unknown}
 i - a potion of ambrosia {unknown}
 m - 2 potions of lignification {unknown}


   Skills:
 * Level 5.5 Fighting
 - Level 2.4 Axes
 + Level 5.2 Armour
 + Level 0.9 Dodging
 + Level 0.4 Stealth
 + Level 5.1 Shields


You had 4 spell levels left.
You didn't know any spells.
Your spell library contained the following spells:

 Spells                   Type           Power      Damage    Failure   Level
 Slow                     Hex            0%         N/A       98%         1
 Ensorcelled Hibernation  Hex/Ice        0%         N/A       99%         2
 Confusing Touch          Hex            0%         N/A       100%        3
 Ignite Poison            Fire/Tmut/Pois 0%         N/A       100%        3
 Mephitic Cloud           Conj/Pois/Air  0%         N/A       100%        3
 Spider Form              Tmut/Pois      0%         N/A       100%        3
 Vampiric Draining        Necr           0%         2d6       100%        3
 Anguish                  Hex/Necr       0%         N/A       100%        4
 Freezing Cloud           Conj/Ice/Air   0%         6-21      100%        5


Dungeon Overview and Level Annotations

Branches:
Dungeon (4/15)             Temple (0/1) D:4

Altars:

Shops:
D:4 *

Annotations:
D:4 Pikel


Innate Abilities, Weirdness & Mutations

You have a pair of horns on your head.
You reflexively headbutt those who attack you in melee.


Message History

Pikel is lightly wounded.
You block Pikel's attack.
Pikel hits you with a +0 whip of freezing.
* * * LOW HITPOINT WARNING * * *
Pikel freezes you.
* * * LOW HITPOINT WARNING * * *
You slash Pikel! Your headbutt misses Pikel.
Pikel is moderately wounded.
Pikel hits you with a +0 whip of freezing.
* * * LOW HITPOINT WARNING * * *
Pikel freezes you.
* * * LOW HITPOINT WARNING * * *
You hit Pikel. Your headbutt misses Pikel.
Pikel is heavily wounded.
Pikel hits you with a +0 whip of freezing.
* * * LOW HITPOINT WARNING * * *
Pikel freezes you.
* * * LOW HITPOINT WARNING * * *
You block Pikel's attack.
You hit Pikel. Your headbutt misses Pikel.
Pikel is severely wounded.
Pikel hits you with a +0 whip of freezing.
* * * LOW HITPOINT WARNING * * *
Pikel freezes you.
* * * LOW HITPOINT WARNING * * *
You closely miss Pikel.
Pikel is severely wounded.
Pikel barely misses you. You furiously retaliate!
You headbutt Pikel. You block Pikel's attack.
You hit Pikel. You headbutt Pikel, but do no damage.
Pikel is almost dead.
You block Pikel's attack.
You hit Pikel but do no damage.
Pikel is almost dead.
Pikel hits you with a +0 whip of freezing.
* * * LOW HITPOINT WARNING * * *
Pikel freezes you.
* * * LOW HITPOINT WARNING * * *
Pikel hits you with a +0 whip of freezing!
You die...

#.......####..## #.###.#
#.........#..... ..#..5.
............... ......5
#.............. .....∩.
#.............. .....
#.............. ...
###.............
#5###.......>.......
#wK@..##............
.......#######.....#.....
....### #......##########
... ######## .


You could see Pikel, a lemure and a worm.

Vanquished Creatures
  2 lemures (D:4)
  A hound (D:4)
  An orc priest (D:4)
  Robin (D:4)
  3 gnolls (D:4)
  2 adders (D:4)
  A shadow imp (D:4)
  4 white imps (D:4)
  2 ufetubi (D:4)
  2 dart slugs
  4 orcs (D:4)
  2 endoplasms
  2 giant cockroaches (D:2)
  10 goblins
  9 hobgoblins
  3 jackals (D:1)
  2 ball pythons (D:2)
  5 bats
  3 frilled lizards
  4 kobolds
  3 rats
66 creatures vanquished.

Notes
Turn   | Place    | Note
-------+----------+-------------------------------------------
     0 | D:1      | Glafi the Minotaur Fighter began the quest for the Orb.
     0 | D:1      | Reached XP level 1. HP: 19/19 MP: 0/0
   121 | D:1      | Found a faded altar of an unknown god.
   332 | D:1      | Reached XP level 2. HP: 27/27 MP: 1/1
  1044 | D:2      | Reached XP level 3. HP: 32/33 MP: 2/2
  1709 | D:3      | You fall into a shaft and drop 1 floor!
  1709 | D:4      | Found Fymeiqum's Assorted Antiques.
  1759 | D:4      | Reached XP level 4. HP: 41/41 MP: 3/3
  1771 | D:4      | Reached skill level 5 in Fighting
  1807 | D:4      | Found a staircase to the Ecumenical Temple.
  1923 | D:4      | Reached XP level 5. HP: 17/48 MP: 4/4
  2080 | D:4      | Noticed Robin
  2160 | D:4      | Killed Robin
  2161 | D:4      | Reached skill level 5 in Armour
  2161 | D:4      | Reached skill level 5 in Shields
  2420 | D:4      | Noticed a lemure
  2420 | D:4      | Noticed a lemure
  2427 | D:4      | Killed a lemure
  2427 | D:4      | Noticed a lemure
  2429 | D:4      | Noticed a lemure
  2430 | D:4      | Noticed Pikel
  2434 | D:4      | Killed a lemure
  2445 | D:4      | HP: 2/48 [Pikel/+0 whip of freezing (2)]
  2445 | D:4      | Mangled by Pikel

Illustrated notes

Levels and vault maps discovered:
D:1:      dpeg_arrival_water_fire, layout_basic,
          shapermc_ecumenical_altar_starsandcircs
D:2:      layout_loops_ring
D:3:      layout_loops_corners, chequers_serial_rivers_micro_b,
          minmay_liquid_box, nrook_campfire
D:4:      layout_rooms, mainiacjoe_overflow_alcove_1,
          minmay_temple_entry_offerings, serial_shops, nicolae_shop_trees,
          serial_demonic, serial_demonic_d, serial_demonic_a, serial_demonic_d,
          serial_demonic_d, uniq_robin, uniq_pikel

Skill      XL: |  1  2  3  4  5 |
---------------+----------------+-----
Fighting       | 4 5 |  5.5
Shields        | 4 5 |  5.1
Armour         | 4 5 |  5.2
Axes           | |  2.4
Dodging        | |  0.9
Stealth        | |  0.4

Action                   |  1- 3 |  4- 6 || total
-------------------------+-------+-------++-------
Melee: War axe           |    71 |    70 ||   141
       Headbutt          |     8 |    10 ||    18
Armor: Scale mail        |    39 |    31 ||    70
Dodge: Dodged            |    22 |    32 ||    54
Block: Buckler           |     6 |       ||     6
       Kite shield       |    18 |    40 ||    58

Table legend: (Time is in decaauts)
 A = Elapsed time spent in this place.
 B = Non-inter-level travel time spent in this place.
 C = Inter-level travel time spent in this place.
 D = Time resting spent in this place.
 E = Time spent auto-exploring this place.
 F = Levels seen in this place.
 G = Mean time per level.
                   A        B        C        D        E       F      G
               +--------+--------+--------+--------+--------+-----+--------+
         Total |   2516 |   2470 |     46 |    461 |   1561 |   4 |  629.0 |
       Dungeon |   2516 |   2470 |     46 |    461 |   1561 |   4 |  629.0 |
               +--------+--------+--------+--------+--------+-----+--------+

Top non-repeatable levels by time:
     D:2: 845 daAuts
     D:1: 796 daAuts
     D:4: 777 daAuts
     D:3: 96 daAuts
